AoeStats
← texasattorneygw

Arabia

510248808Analyzed
1v1 RM · 19h ago on Sep 30, 2026· 28m 22s· 2 players
Game mode
Random Map
Map size
Tiny (2 player)
Population
200
Speed
Normal
Resources
Standard
Victory
Conquest
Starting age
Dark Age
Ending age
Imperial Age
RankedLock teamsTeams togetherTeam positionsShared explorationLock speedFull tech treeHidden civsTurbo modeCheats
Victory
Defeat
🇺🇸 Koreans · United States
873
+40
🇨🇳 Magyars · China
866
-16
80后神登
1:18 Loom
10:57 Feudal Age
12:41 Man-at-Arms
15:59 Fletching
16:01 Arson
18:20 Padded Archer Armor
25:21 Castle Age
26:39 Bloodlines
texasattorneygw
11:14 Feudal Age
12:24 Double-Bit Axe
14:12 Horse Collar
14:46 Loom
19:07 Castle Age
17:17 Fletching
21:31 Bow Saw
24:30 Gold Mining
Connection lost

Rejoining the realm…

Still unreachable

The connection could not be restored.

Session expired

The server has moved on; the page needs a fresh start.